 Dungeon Crawl Stone Soup version 0.20-a0-12-g90c15da (webtiles) character file.

3497 JeffiDaFish the Blocker (level 10, 0/61 HPs)
             Began as a Gargoyle Fighter on Nov 2, 2016.
             Slain by Prince Ribbit (5 damage)
             ... on level 7 of the Dungeon.
             The game lasted 00:18:19 (5977 turns).

JeffiDaFish the Blocker (Gargoyle Fighter)          Turns: 5977, Time: 00:18:20

Health: 0/61       AC: 21    Str: 26    XL:     10   Next: 7%
Magic:  9/9        EV:  8    Int:  8    God:
Gold:   335        SH: 12    Dex:  9    Spells: 0 memorised, 9 levels left

rFire  . . .     SeeInvis .     a - +1 flail
rCold  . . .     Gourm    .     i - +0 chain mail
rNeg   + . .     Faith    .     c - +0 shield
rPois  ∞         Spirit   .     n - +1 helmet
rElec  +         Reflect  .     e - +1 cloak
rCorr  .         Harm     .     (no gloves)
MR     +....     Rnd*Tele +     (no boots)
Stlth  ..........               q - amulet of rage
                                (no ring)
                                x - +2 ring of strength

@: no status effects
A: low mp 1, magic resistance 1, negative energy resistance 1, electricity
resistance, teleportitis 1, unbreathing, petrification resistance, rot immunity,
AC +7
a: Evoke Berserk Rage


You were on level 7 of the Dungeon.
You were hungry.

You visited 1 branch of the dungeon, and saw 7 of its levels.

You collected 335 gold pieces.

Inventory:

Hand Weapons
 a - a +1 flail (weapon)
Armour
 c - a +0 shield (worn)
 e - a +1 cloak (worn)
 i - a +0 chain mail (worn)
 n - a +1 helmet (worn)
Jewellery
 q - an amulet of rage (around neck)
 x - a +2 ring of strength (left hand)
Wands
 k - a wand of confusion (10/48)
 r - a wand of flame (34/48)
Scrolls
 d - a scroll of magic mapping
 o - 2 scrolls of recharging
 s - 3 scrolls of immolation
 t - a scroll of teleportation
 y - a scroll of remove curse
Potions
 b - a potion of flight
 m - 2 potions of brilliance
 p - a potion of magic
 w - a potion of resistance
Books
 g - a book of Minor Magic

   Spells                             Type                      Level
   a - Magic Dart                     Conjuration                  1
   b - Blink                          Translocation                2
   c - Call Imp                       Summoning                    2
   d - Repel Missiles                 Charms/Air                   2
   e - Slow                           Hexes                        2
   f - Conjure Flame                  Conjuration/Fire             3
   g - Mephitic Cloud                 Conjuration/Poison/Air       3
 j - a book of Maledictions

   Spells                             Type                      Level
   a - Corona                         Hexes                        1
   b - Ensorcelled Hibernation        Hexes/Ice                    2
   c - Confuse                        Hexes                        3
   d - Tukima's Dance                 Hexes                        3
   e - Dazzling Spray                 Conjuration/Hexes            3
Comestibles
 f - 2 bread rations
 h - 8 chunks of flesh
 l - a meat ration
 u - a beef jerky


   Skills:
 + Level 6.4 Fighting
 + Level 9.0 Maces & Flails
 + Level 6.5 Armour
 + Level 2.5 Dodging
 + Level 9.0 Shields


You had 9 spell levels left.
You didn't know any spells.

Dungeon Overview and Level Annotations

Branches:
Dungeon (6/15)
 Temple: D:4-7

Altars:
Dithmenos
Gozag
Kikubaaqudgha
Nemelex Xobeh
Okawaru
Xom

Shops:
D:7 =

Annotations:
D:7 Prince Ribbit


Innate Abilities, Weirdness & Mutations

You are resistant to torment.
Your stone body is resilient. (AC +7)
You are immune to poison.
You resist negative energy. (rN+)
You are resistant to electric shocks. (rElec)
You can survive without breathing.
You are immune to petrification.
You are immune to rotting.
Your magical capacity is low. (-10% MP)
You are resistant to hostile enchantments. (MR+)
You are occasionally teleported next to monsters.


Message History

You kill the orc!
You bludgeon the orc!!
You kill the orc!
You thump the orc!
You kill the orc!
You barely miss the orc priest.
The orc priest miscasts a cantrip.
You hit the orc priest.
The orc priest is moderately wounded.
The orc priest calls down the wrath of Beogh upon you.
You easily resist.
You hit the orc priest.
The orc priest is heavily wounded.
Prince Ribbit blinks!
The orc priest hits you with a hand axe.
* * * LOW HITPOINT WARNING * * *
You closely miss the orc priest.
The orc priest is heavily wounded.
Prince Ribbit hits you.
You die...

#.........#
#.⌠._._o⌠.
#........
#..o8.. ## ....
..# ##o#######
#.# #.ooo.).§#
#.#
.....[...####o#
#.# ######.###
#@# #.# #.
#F####.# ..
#......# ###
#####..###
#....# #.##.#
#.# #.##.# ..#
#.##.# #.###
#.##.#


You could see Prince Ribbit and an orc priest.

Vanquished Creatures
  The ghost of jalala the Cutter, a novice KoMo of Kikubaaqudgha (D:5)
  The ghost of JeffiDaFish the Cudgeler, an amateur GrFi (D:4)
  Eustachio (D:6)
  2 hungry ghosts (D:7)
  Menkaure (D:7)
  A water moccasin (D:5)
  An ogre (D:4)
  3 phantoms
  2 centaurs
  A bullfrog (D:7)
  Blork the orc (D:5)
  11 killer bees (D:7)
  4 wights (D:7)
  A howler monkey (D:7)
  A jelly (D:6)
  9 orc wizards
  3 orc priests
  4 hounds
  3 bullfrog skeletons
  An iguana (D:7)
  Natasha (thrice) (D:3)
  7 worker ants
  A hound skeleton (D:4)
  6 adders
  4 gnolls (D:7)
  An adder skeleton (D:6)
  3 worms
  2 dart slugs
  A leopard gecko (D:1)
  31 orcs
  A ball python (D:3)
  2 giant cockroaches
  11 goblins
  8 hobgoblins
  12 jackals
  9 kobolds
  5 quokkas
  8 bats
  3 frilled lizards
  A jackal zombie (D:5)
  A quokka skeleton (D:4)
  A quokka zombie (D:5)
  5 rats
178 creatures vanquished.

Vanquished Creatures (others)
  A human (D:3)
1 creature vanquished.

Grand Total: 179 creatures vanquished

Notes
Turn   | Place    | Note
-------+----------+-------------------------------------------
     0 | D:1      | JeffiDaFish the Gargoyle Fighter began the quest for the Orb.
     0 | D:1      | Reached XP level 1. HP: 14/14 MP: 1/1
    55 | D:1      | Reached XP level 2. HP: 11/19 MP: 2/2
   519 | D:1      | Reached XP level 3. HP: 24/24 MP: 3/3
  1279 | D:2      | Reached XP level 4. HP: 27/29 MP: 4/4
  1776 | D:3      | Noticed Natasha
  1785 | D:3      | Killed Natasha
  1859 | D:3      | Noticed Natasha
  1873 | D:3      | Killed Natasha
  1873 | D:3      | Reached XP level 5. HP: 22/33 MP: 2/5
  2211 | D:3      | Noticed Natasha
  2219 | D:3      | Killed Natasha
  2397 | D:3      | Reached XP level 6. HP: 38/38 MP: 6/6
  2444 | D:3      | Reached skill level 1 in Dodging
  2737 | D:3      | Found a shadowy altar of Dithmenos.
  3170 | D:3      | Found an ancient bone altar of Kikubaaqudgha.
  3171 | D:3      | Noticed a human
  3173 | D:3      | Killed a human
  3336 | D:4      | Noticed a phantom
  3387 | D:4      | Killed a phantom
  3491 | D:4      | Noticed a phantom
  3535 | D:4      | Killed a phantom
  3535 | D:4      | Reached skill level 5 in Maces & Flails
  3535 | D:4      | Reached skill level 5 in Shields
  3535 | D:4      | Reached XP level 7. HP: 37/44 MP: 7/7
  3917 | D:4      | Noticed JeffiDaFish's ghost (amateur GrFi)
  3941 | D:4      | Killed JeffiDaFish's ghost
  3941 | D:4      | Reached skill level 5 in Fighting
  3941 | D:4      | Reached XP level 8. HP: 29/49 MP: 5/8
  4082 | D:4      | Found a shimmering altar of Xom.
  4099 | D:5      | Entered Level 5 of the Dungeon
  4495 | D:5      | Reached skill level 5 in Armour
  4507 | D:5      | Noticed jalala's ghost (novice KoMo)
  4586 | D:5      | Killed jalala's ghost
  4627 | D:5      | Reached XP level 9. HP: 49/55 MP: 7/9
  4758 | D:5      | Noticed Blork the orc
  4768 | D:5      | Killed Blork the orc
  4807 | D:5      | Gained mutation: Your magical capacity is low. (-10% MP) [potion of mutation]
  4807 | D:5      | Gained mutation: You are resistant to hostile enchantments. (MR+) [potion of mutation]
  4807 | D:5      | Gained mutation: You are occasionally teleported next to monsters. [potion of mutation]
  4995 | D:6      | Found an iron altar of Okawaru.
  4996 | D:6      | Noticed Eustachio
  5038 | D:6      | Killed Eustachio
  5188 | D:6      | You fall through a shaft!
  5245 | D:7      | Noticed Prince Ribbit
  5297 | D:7      | Noticed Menkaure
  5313 | D:7      | Killed Menkaure
  5741 | D:7      | Found Xeyloare's Jewellery Shoppe.
  5857 | D:7      | Reached XP level 10. HP: 60/61 MP: 9/9
  5952 | D:7      | Found an opulent altar of Gozag.
  5952 | D:7      | Found a sparkling altar of Nemelex Xobeh.
  5977 | D:7      | Slain by Prince Ribbit

Vault maps used:
D:1:      minmay_arrival_five_plusses, minmay_tetromino_l2
D:3:      lemuel_crystal_altar, first_bread, tgw_kikubaaqudgha, uniq_natasha
D:4:      kennysheep_mini
D:5:      uniq_blork_the_orc
D:6:      lemuel_crystal_altar, marbit_many_paths, uniq_eustachio
D:7:      grunt_temple_overflow_opulence, serial_shops, shop,
          uniq_prince_ribbit1, uniq_menkaure

Skill      XL: |  1  2  3  4  5  6  7  8  9 10 |
---------------+-------------------------------+-----
Shields        | 4 5 7 8 9 |  9.0
Maces & Flails | 3 5 6 7 8 9 |  9.0
Armour         | 4 5 6 |  6.5
Dodging        | 1 2 |  2.5
Fighting       | 4 5 6 |  6.4

Action                   |  1- 3 |  4- 6 |  7- 9 | 10-12 || total
-------------------------+-------+-------+-------+-------++-------
Melee: Flail             |   175 |   244 |   667 |    36 ||  1122
  Use: Scroll            |     5 |     3 |     7 |       ||    15
       Potion            |     3 |     3 |     5 |     1 ||    12
  Eat: Chunk             |     1 |     8 |    11 |     1 ||    21
       Bread ration      |       |       |     2 |       ||     2
Armor: Scale mail        |   100 |       |       |       ||   100
       Chain mail        |    62 |   138 |   432 |     5 ||   637
Dodge: Dodged            |    91 |    49 |   183 |     5 ||   328
Block: Shield            |   143 |   110 |   400 |    13 ||   666
